 Dungeon Crawl Stone Soup version 0.31.0-12-g77e489cdc1 (webtiles) character file.

Game seed: 15195812198041071989

9 H0rd4k the Charlatan (level 2, -1/18 HPs)
             Began as an Octopode Artificer on Mar 7, 2024.
             Slain by a kobold
             ... wielding a +0 short sword of electrocution
              (17 damage)
             ... on level 1 of the Dungeon.
             The game lasted 00:00:24 (395 turns).

H0rd4k the Charlatan (Octopode Artificer)            Turns: 395, Time: 00:00:25

Health: -1/18      AC:  1    Str: 11    XL:     2   Next: 16%
Magic:  2/2        EV: 13    Int: 13    God:
Gold:   23         SH:  0    Dex: 12    Spells: 1/1 levels left

rFire   . .          .
                       - Unarmed
rCold   . . .        (no shield)
rNeg    . . .        (helmet restricted)
rPois   .            (no amulet)
rElec   .            (no ring)
rCorr   .            (no ring)
SInv    .            (no ring)
Will    .....        (no ring)
Stlth   +++          (no ring)
HPRegen 0.23/turn    (no ring)
MPRegen 0.08/turn    (no ring)
                     (no ring)

%: no passive effects
@: no status effects
A: almost no armour, amphibious, 8 rings, camouflage 1, gelatinous body 1,
(nimble swimmer 1), tentacles
a: no special abilities


You were on level 1 of the Dungeon.
You visited 1 branch of the dungeon, and saw 1 of its levels.

You collected 23 gold pieces.

Inventory:

Wands
 b - a wand of flame (15) (quivered)
 c - a wand of charming (15)
 d - a wand of iceblast (5)
Scrolls
 f - a scroll of enchant weapon {unknown}
 g - a scroll of immolation {unknown}
Potions
 a - a potion of degeneration {unknown}
 e - a potion of curing {unknown}


   Skills:
 + Level 1.4 Fighting
 - Level 2.3 Dodging
 - Level 1.3 Stealth
 + Level 1.3 Unarmed Combat
 - Level 3.2 Evocations


You had one spell level left.
You didn't know any spells.
Your spell library was empty.

Dungeon Overview and Level Annotations

Branches:
Dungeon (1/15)

Altars:


Innate Abilities, Weirdness & Mutations

You cannot wear most types of armour.
You are amphibious.
You can wear up to eight rings at the same time.
Your skin changes colour to match your surroundings (Stealth+).
Your rubbery body absorbs attacks. (AC +1, EV +1)
((You are camouflaged when in or above water. (Stealth+)))
You have tentacles for arms and can constrict up to eight enemies at once.


Message History

You kill the goblin!
The quokka misses you.
You have reached level 2!
You tentacle-slap the quokka. You grab the quokka.
You squeeze the quokka, but do no damage.
The quokka is heavily wounded.
You constrict the quokka. The quokka bites you.
The giant cockroach bites you but does no damage.
There are monsters nearby!
You tentacle-slap the quokka but do no damage.
You squeeze the quokka.
You kill the quokka!
The giant cockroach barely misses you.
You tentacle-slap the giant cockroach but do no damage.
Your grab misses the giant cockroach.
The giant cockroach bites you but does no damage.
Unknown command.
You barely miss the giant cockroach. Your grab misses the giant cockroach.
The giant cockroach bites you.
A giant cockroach is nearby!
You tentacle-slap the giant cockroach. You grab the giant cockroach.
You squeeze the giant cockroach.
You kill the giant cockroach!
Things that are here:
a +0 dagger; a goblin corpse You see here a +0 leather armour.
Key pressed, stopping explore.
No target in view!
A kobold comes into view.
It is wielding a +0 short sword of electrocution.
Unknown command.
The helpless kobold fails to defend itself.
You tentacle-slap the kobold but do no damage.
Your grab misses the kobold. The kobold barely misses you.
A kobold is nearby!
You closely miss the kobold. You grab the kobold.
You constrict the kobold, but do no damage.
The kobold hits you with a +0 short sword of electrocution.
You are electrocuted!
Ouch! That really hurt!
You die...

.#P...P# #.
#.####...........
######## ..
..#.............
##..
....####.###........
....
...........#########
.###
#...#####.####### .#
..#....##.......# ##
..............###
....###.####### .
#@# #.K..# ####.# #


You could see a kobold.

Vanquished Creatures
  A ball python (D:1)
  A bat (D:1)
  An endoplasm (D:1)
  A giant cockroach (D:1)
  A goblin (D:1)
  A hobgoblin (D:1)
  A quokka (D:1)
7 creatures vanquished.

Notes
Turn   | Place    | Note
-------+----------+-------------------------------------------
     0 | D:1      | H0rd4k the Octopode Artificer began the quest for the Orb.
     0 | D:1      | Reached XP level 1. HP: 13/13 MP: 1/1
   163 | D:1      | Reached skill level 1 in Unarmed Combat
   212 | D:1      | Found a faded altar of an unknown god.
   268 | D:1      | Reached XP level 2. HP: 15/18 MP: 2/2
   395 | D:1      | Slain by a kobold

Illustrated notes

Levels and vault maps discovered:
D:1:      minmay_arrival_semitransparent, layout_rooms,
          shapermc_ecumenical_altar_ellora

Skill      XL: |  1 |
---------------+----+-----
Unarmed Combat | 1 |  1.3
Fighting       | |  1.4
Dodging        | |  2.3
Stealth        | |  1.3
Evocations     | |  3.2

Action                     || total
---------------------------++-------
  Melee: Unarmed           ||    22
         Constrict         ||     5
         Tentacles         ||     5
   Stab: Sleeping          ||     2
 Armour: Skin              ||     9
  Dodge: Dodged            ||    13
